 Dungeon Crawl Stone Soup version 0.29.1-2-gbd0b4ee654 (webtiles) character file.

Game seed: 6667190764256646697

940 avis the Cleaver (level 8, -16/70 HPs)
             Began as a Hill Orc Monk on Oct 28, 2022.
             Demolished by a komodo dragon (28 damage)
             ... on level 5 of the Dungeon.
             The game lasted 00:23:35 (7017 turns).

avis the Cleaver (Hill Orc Monk)                    Turns: 7017, Time: 00:23:36

Health: -16/70     AC: 10    Str: 16    XL:     8   Next: 12%
Magic:  8/8        EV:  7    Int: 10    God:
Gold:   268        SH:  0    Dex: 13    Spells: 7/7 levels left

rFire   . . .      SeeInvis .   a - +0 broad axe
rCold   . . .      Faith    .   (no shield)
rNeg    . . .      Spirit   .   J - +0 chain mail
rPois   .          Reflect  .   O - +0 helmet
rElec   .          Harm     .   (no cloak)
rCorr   .          Rampage  .   d - +0 pair of gloves
Will    ++...                   (no boots)
Stlth   ..........              (no amulet)
HPRegen 0.21/turn               y - ring of willpower
MPRegen 0.11/turn               M - ring of willpower

@: no status effects
A: no striking features
a: no special abilities


You were on level 5 of the Dungeon.
You visited 2 branches of the dungeon, and saw 7 of its levels.

You collected 268 gold pieces.

Inventory:

Hand Weapons
 a - a +0 broad axe (weapon)
 b - a +1 short sword of venom
 q - a +2 whip of electrocution
 w - a +0 sling
 F - a +0 vorpal flail
Missiles
 s - a throwing net (quivered)
 v - 10 poisoned darts
 z - 6 javelins
 G - 3 atropa-tipped darts
Armour
 d - a +0 pair of gloves (worn)
 J - a +0 chain mail (worn)
 O - a +0 helmet (worn)
Jewellery
 y - a ring of willpower (left hand)
 M - a ring of willpower (right hand)
Wands
 k - a wand of charming (2)
 B - a wand of polymorph (10)
 C - a wand of flame (17)
 P - a wand of digging (7)
Scrolls
 e - a scroll of silence {unknown}
 f - 2 scrolls of immolation {unknown}
 h - a scroll of fog {unknown}
 l - a scroll of vulnerability {unknown}
 t - a scroll of noise {unknown}
 u - 4 scrolls of teleportation
 A - a scroll of acquirement {unknown}
 L - a scroll of brand weapon {unknown}
 N - 2 scrolls of amnesia {unknown}
Potions
 c - 2 potions of ambrosia
 g - a potion of resistance
 i - 2 potions of heal wounds
 j - a potion of mutation {unknown}
 m - 2 potions of magic
 n - 3 potions of berserk rage
 o - 3 potions of brilliance
 p - 2 potions of might {unknown}
 r - a potion of attraction {unknown}
 x - a potion of curing {unknown}
 I - a potion of flight {unknown}


   Skills:
 - Level 6.1 Fighting
 * Level 10.9 Axes
 - Level 2.6 Dodging
 - Level 2.0 Stealth


You had 7 spell levels left.
You didn't know any spells.
Your spell library contained the following spells:

 Spells                   Type           Power      Damage    Failure   Level
 Beastly Appendage        Tmut           0%         N/A       100%        1
 Sandblast                Erth           0%         2d4       100%        1
 Ensorcelled Hibernation  Hex/Ice        0%         N/A       100%        2
 Passwall                 Tmut/Erth      0%         N/A       100%        2
 Wereblood                Tmut           0%         N/A       100%        2
 Dazzling Flash           Conj/Hex       0%         N/A       100%        3
 Spider Form              Tmut/Pois      0%         N/A       100%        3
 Stone Arrow              Conj/Erth      0%         3d7       100%        3
 Swiftness                Air            0%         N/A       100%        3
 Agony                    Necr           0%         N/A       100%        5
 Silence                  Hex/Air        0%         N/A       100%        5


Dungeon Overview and Level Annotations

Branches:
Dungeon (6/15)             Temple (1/1) D:4

Altars:
Cheibriados
Yredelemnul

Shops:
D:2 =   D:5 *


Message History

The komodo dragon completely misses you.
The necrophage barely misses you. The komodo dragon closely misses you.
The necrophage barely misses you.
Your +1 short sword of venom stops dripping with poison.
a - a +0 broad axe (weapon)
You hit the komodo dragon but do no damage.
The komodo dragon is lightly wounded.
You slash the necrophage! The komodo dragon bites you!
The necrophage hits you but does no damage.
You hit the komodo dragon but do no damage.
The komodo dragon is lightly wounded.
You barely miss the necrophage. The komodo dragon bites you!
The necrophage hits you.
You feel drained.
You barely miss the komodo dragon.
The komodo dragon is moderately wounded.
You closely miss the necrophage. The komodo dragon bites you.
The necrophage hits you but does no damage.
You slash the komodo dragon!
The komodo dragon is heavily wounded.
You slash the necrophage! The komodo dragon bites you!
The necrophage hits you but does no damage.
You hit the komodo dragon.
The komodo dragon is severely wounded.
You slash the necrophage!
You destroy the necrophage!
The komodo dragon barely misses you.
Your life force feels restored.
You barely miss the komodo dragon.
The komodo dragon is severely wounded.
The komodo dragon bites you!
* * * LOW HITPOINT WARNING * * *
You barely miss the komodo dragon.
The komodo dragon is almost dead.
The komodo dragon barely misses you.
You hit the komodo dragon but do no damage.
The komodo dragon is almost dead.
The komodo dragon bites you.
* * * LOW HITPOINT WARNING * * *
The komodo dragon bites you!!
You die...

#.............#........#.
#.............#........#.
#.......#######........#'
#.......##...###'###.....
#.......##....#....#.....
#.............#....#.....
#.............#....#.....
#.............#....#.....
#.......@.....#....#.....
#......l......#....#.....
#.......##...#######.....
#.......##...# #.....####
#.......##.....#.....#
....... #.....#.....#
....... .....#.....#
....... ...#.....#
#.....#


You could see a komodo dragon (very poisoned).

Vanquished Creatures
  2 ice beasts (D:6)
  A black bear (D:3)
  A phantom (D:6)
  A necrophage (D:5)
  A howler monkey (D:6)
  2 hounds
  A gnoll bouda (D:4)
  Jessica (D:3)
  3 orc wizards
  4 adders
  12 gnolls
  An ufetubus (D:5)
  2 dart slugs (D:4)
  2 worms
  19 orcs
  9 endoplasms
  8 giant cockroaches
  9 goblins
  11 hobgoblins
  6 jackals
  9 kobolds
  4 quokkas
  8 ball pythons
  2 bats (D:2)
  4 frilled lizards
  6 rats
129 creatures vanquished.

Notes
Turn   | Place    | Note
-------+----------+-------------------------------------------
     0 | D:1      | avis the Hill Orc Monk began the quest for the Orb.
     0 | D:1      | Reached XP level 1. HP: 19/19 MP: 1/1
   551 | D:1      | Reached XP level 2. HP: 19/27 MP: 2/2
  1495 | D:2      | Reached XP level 3. HP: 25/33 MP: 3/3
  1830 | D:2      | Reached skill level 5 in Axes
  2221 | D:2      | Reached XP level 4. HP: 35/40 MP: 4/4
  2398 | D:2      | Found Zaibowoch's Jewellery Emporium.
  2827 | D:3      | Noticed a black bear
  2845 | D:3      | Found a faded altar of an unknown god.
  2866 | D:3      | Killed a black bear
  2867 | D:3      | Reached skill level 5 in Fighting
  2867 | D:3      | Reached skill level 6 in Axes
  2867 | D:3      | Reached XP level 5. HP: 25/48 MP: 5/5
  3361 | D:3      | Reached skill level 7 in Axes
  3364 | D:3      | Reached XP level 6. HP: 54/56 MP: 6/6
  3525 | D:3      | Noticed Jessica
  3533 | D:3      | Killed Jessica
  5046 | D:4      | Reached skill level 8 in Axes
  5060 | D:4      | Reached XP level 7. HP: 24/62 MP: 7/7
  5660 | D:4      | Found a staircase to the Ecumenical Temple.
  5666 | Temple   | Entered the Ecumenical Temple
  5723 | D:5      | Entered Level 5 of the Dungeon
  6116 | D:5      | Found Joapn's General Store.
  6169 | D:5      | You fall into a shaft and drop 1 floor!
  6183 | D:6      | Reached skill level 9 in Axes
  6505 | D:6      | Reached skill level 10 in Axes
  6523 | D:6      | Reached XP level 8. HP: 48/70 MP: 8/8
  7003 | D:5      | Noticed a komodo dragon
  7017 | D:5      | Demolished by a komodo dragon

Illustrated notes

Levels and vault maps discovered:
D:1:      dpeg_arrival_round_a, layout_loops_ring
D:2:      layout_rooms, serial_shops, nicolae_square_shop,
          minmay_goblin_kobold_house
D:3:      layout_basic, dreamdust_ecumenical_altar_statues, saegor_snake_ambush,
          uniq_jessica
D:4:      layout_loops_corners, minmay_temple_entry_fiery
D:5:      layout_gridville, serial_shops, shop
D:6:      wander_river, layout_loops_ring, hangedman_abyss_or_decor_stagger,
          hangedman_decor_push
Temple:   hellmonk_temple_of_storms

Skill      XL: |  1  2  3  4  5  6  7 |
---------------+----------------------+-----
Stealth        | 2 |  2.0
Fighting       | 4 5 6 |  6.1
Axes           | 5 6 7 8 10 | 10.9
Dodging        | |  2.6

Action                   |  1- 3 |  4- 6 |  7- 9 || total
-------------------------+-------+-------+-------++-------
Melee: Hand axe          |    55 |    39 |       ||    94
       Short sword       |    76 |   192 |    96 ||   364
       Punch             |     2 |     2 |     2 ||     6
       Broad axe         |       |       |    25 ||    25
  Use: Scroll            |       |     4 |     2 ||     6
       Potion            |       |     1 |     1 ||     2
 Stab: Sleeping          |     3 |     2 |       ||     5
Armor: Robe              |     4 |       |       ||     4
       Ring mail         |    41 |    66 |       ||   107
       Chain mail        |       |    21 |    61 ||    82
       Scale mail        |       |    14 |       ||    14
Dodge: Dodged            |   101 |   152 |    42 ||   295
